 Dungeon Crawl Stone Soup version 0.31-a0-835-g2a3a5bc3be (webtiles) character file.

Game seed: 712576862981634304

1383 BinkBink the Sneak (level 8, -4/54 HPs)
             Began as a Spriggan Enchanter on Sept 26, 2023.
             Was a Believer of Dithmenos.
             Slain by Menkaure (11 damage)
             ... on level 7 of the Dungeon.
             The game lasted 00:26:57 (6736 turns).

BinkBink the Sneak (Spriggan Enchanter)             Turns: 6736, Time: 00:26:58

Health: -4/54      AC: 31    Str: 10    XL:     8   Next: 40%
Magic:  29/29      EV:  4    Int: 17    God:    Dithmenos [**....]
Gold:   364        SH:  0    Dex: 17    Spells: 19/21 levels left

rFire   . . .        f - +1 short sword (protect)
rCold   . . .        (no shield)
rNeg    . . .        b - melded +0 robe
rPois   +            (helmet currently unavailable)
rElec   .            t - melded +1 cloak {Stlth+}
rCorr   .            (gloves unavailable)
SInv    +            (boots unavailable)
Will    +....        (no amulet)
Stlth   +++++        d - ring of magical power
HPRegen 0.29/turn    D - +6 ring of strength
MPRegen 0.21/turn

%: no passive effects
@: brilliant, tree-form, under a protective aura, wreathed by umbra
A: stationary, stasis, torment immunity, boosted hp, very small, no large
weapons, unfitting armour, see invisible, (speed 3)
a: Renounce Religion, Shadow Step


You were on level 7 of the Dungeon.
You worshipped Dithmenos.
Dithmenos was pleased with you.
You were a tree.
You visited 2 branches of the dungeon, and saw 8 of its levels.
You also visited: Ossuary.

You collected 364 gold pieces.

Inventory:

Hand Weapons
 f - a +1 short sword of protection (weapon)
 o - the +2 spear "Sessouwo" {freeze, rN+ Int-5 Stlth+}
   (You found it on level 3 of the Dungeon)

   Int-5:     It affects your intelligence (-5).
   rN+:       It protects you from negative energy.
   Stlth+:    It makes you more stealthy.
 s - a +2 quarterstaff of chaos
 u - the +9 hammer of the Shining Light {flame, rF+}
   (You found it on level 3 of the Dungeon)

   rF+:       It protects you from fire.
 y - a +1 dagger of speed
 E - a +2 dagger of venom
Armour
 b - a +0 robe (melded)
 t - a +1 cloak of stealth (melded)
Jewellery
 d - a ring of magical power (left branch)
 D - a +6 ring of strength (right branch)
Talismans
 v - a beast talisman
 x - a flux talisman
Wands
 F - a wand of flame (16)
 J - a wand of digging (5)
Scrolls
 c - a scroll of revelation {unknown}
 g - 2 scrolls of silence {unknown}
 h - a scroll of fear {unknown}
 i - 2 scrolls of poison {unknown}
 j - a scroll of acquirement {unknown}
 k - 4 scrolls of butterflies {unknown}
 l - 4 scrolls of identify {unknown}
 n - a scroll of noise {unknown}
 p - 4 scrolls of teleportation {unknown}
 w - 2 scrolls of immolation {unknown}
 G - 2 scrolls of enchant weapon {unknown}
 I - a scroll of vulnerability {unknown}
 M - 3 scrolls of blinking {unknown}
Potions
 a - 2 potions of attraction {unknown}
 e - 4 potions of lignification
 m - a potion of ambrosia {unknown}
 q - a potion of curing
 r - a potion of might {unknown}
 z - 2 potions of resistance {unknown}
 A - 2 potions of enlightenment {unknown}
 B - a potion of magic {unknown}
 C - 2 potions of brilliance
 H - 2 potions of berserk rage {unknown}
 K - a potion of heal wounds {unknown}
 L - a potion of degeneration {unknown}


   Skills:
 + Level 4.5 Short Blades
 + Level 5.3 Dodging
 + Level 7.6 Stealth
 * Level 7.3 Spellcasting
 + Level 5.9 Hexes
 + Level 2.6 Ice Magic


You had 19 spell levels left.
You knew the following spells:

 Your Spells              Type           Power      Damage    Failure   Level
a - Ensorcelled Hibernat  Hex/Ice        62%        N/A       3%          2

Your spell library contained the following spells:

 Spells                   Type           Power      Damage    Failure   Level
 Confusing Touch          Hex            39%        N/A       3%          3
 Tukima's Dance           Hex            39%        N/A       3%          3
 Dazzling Flash           Conj/Hex       48%        N/A       10%         3
 Magic Dart               Conj           36%        1d4       11%         1
 Necrotise                Necr           36%        1d5       11%         1
 Call Imp                 Summ           18%        N/A       17%         2
 Passwall                 Tmut/Erth      7%         N/A       17%         2
 Mephitic Cloud           Conj/Pois/Air  9%         N/A       32%         3
 Swiftness                Air            9%         N/A       32%         3
 Vampiric Draining        Necr           9%         2d6       32%         3
 Agony                    Necr           9%         N/A       97%         5
 Iskenderun's Battlesphe  Conj           9%         2d6       97%         5
 Bombard                  Conj/Erth      4%         9d2       100%        6
 Spellforged Servitor     Conj/Summ      4%         N/A       100%        7


Dungeon Overview and Level Annotations

Branches:
Dungeon (7/15)             Temple (1/1) D:5         Ossuary (visited)

Altars:
Ashenzari
Dithmenos
Elyvilon
Fedhas
Gozag
Kikubaaqudgha
Makhleb
Qazlal
Sif Muna
Uskayaw
Vehumet
Wu Jian
Zin
The Shining One

Shops:
D:5 (

Annotations:
D:4 Grinder
D:7 Menkaure


Innate Abilities, Weirdness & Mutations

You are a tree.
Your roots penetrate the ground, keeping you stationary.
You cannot be teleported.
You are immune to unholy pain and torment.
Your maximum health is greatly increased.
Your equipment is partially melded.
You are very small and have problems with some larger weapons.
You are too small for most types of armour.
You have supernaturally acute eyesight. (SInv)
((You cover ground extremely quickly. (Speed+++)))


Message History

You resist with some effort.
You barely miss Menkaure.
Menkaure is moderately damaged.
You hit Menkaure but do no damage.
Menkaure is moderately damaged.
Menkaure hits you!!
Ouch! That really hurt!
* * * LOW HITPOINT WARNING * * *
You hit Menkaure but do no damage.
Menkaure is moderately damaged.
Menkaure calls on the powers of darkness!
You feel a surge of unholy energy.
It was a potion of brilliance.
You feel clever all of a sudden.
It was a potion of lignification.
You turn into a tree.
Your +1 cloak of stealth melds into your body.
Your +0 robe melds into your body.
You feel less stealthy.
Your roots penetrate the ground.
Menkaure mumbles some strange words.
Menkaure seems to speed up.
It was a potion of curing.
You feel better. Menkaure hits you but does no damage.
You hit Menkaure.
Menkaure is moderately damaged.
Menkaure hits you but does no damage.
You hit Menkaure but do no damage.
Menkaure is moderately damaged.
Menkaure hits you but does no damage.
You hit Menkaure but do no damage.
Menkaure is moderately damaged.
Menkaure hits you.
* * * LOW HITPOINT WARNING * * *
You hit Menkaure.
Menkaure is heavily damaged.
Menkaure hits you.
* * * LOW HITPOINT WARNING * * *
You hit Menkaure but do no damage.
Menkaure is heavily damaged.
Menkaure hits you!
You die...

#.........#..#..........
..........#.............
........................
#.......................
...................#...#
.........###.......#...#
........## ###..........
.........# #.........#
.......♣.# ......###.#
.#.....M..# .### #...
#........... ## #?..
..#...........# #.##..#.
.#........##... ......#
##.......# ... #.##.##
#........ ...###.##..#
.....#.......#....#.##
..........##


You could see Menkaure (fast).

Vanquished Creatures
  Sigmund (D:2)
  A water moccasin (D:7)
  2 sky beasts (D:6)
  An orc warrior (D:6)
  A kobold brigand (D:4)
  A bullfrog (D:6)
  A water moccasin zombie (Ossuary)
  2 jellies
  3 orc priests
  A sleepcap (D:6)
  Crazy Yiuf (D:3)
  3 iguanas
  5 orc wizards
  3 mummies
  5 adders
  A shadow imp (D:6)
  2 white imps
  2 adder zombies (Ossuary)
  A worm (D:2)
  5 dart slugs
  18 orcs
  2 bats (D:1)
  4 endoplasms
  2 giant cockroaches (D:1)
  4 goblins
  7 hobgoblins
  3 jackals (D:1)
  11 kobolds
  A quokka (D:1)
  6 ball pythons
  A frilled lizard (D:1)
  5 gnoll zombies (Ossuary)
  11 hobgoblin zombies (Ossuary)
  5 kobold zombies (Ossuary)
  7 orc zombies (Ossuary)
  7 rats
136 creatures vanquished.

Notes
Turn   | Place    | Note
-------+----------+-------------------------------------------
     0 | D:1      | BinkBink the Spriggan Enchanter began the quest for the
                  | Orb.
     0 | D:1      | Reached XP level 1. HP: 9/9 MP: 5/5
   317 | D:1      | Reached XP level 2. HP: 13/13 MP: 7/7
   390 | D:1      | Found a faded altar of an unknown god.
   934 | D:2      | Reached XP level 3. HP: 16/16 MP: 9/9
   952 | D:2      | Reached skill level 5 in Stealth
  1215 | D:2      | Reached XP level 4. HP: 21/21 MP: 11/11
  1274 | D:2      | Noticed Sigmund
  1390 | D:2      | Learned a level 2 spell: Ensorcelled Hibernation
  1798 | D:3      | Identified the +2 spear "Sessouwo" {freeze, rN+ Int-5
                  | Stlth+}
  2226 | D:3      | Found a runed translucent door.
  2227 | D:3      | Noticed Crazy Yiuf
  2234 | D:3      | Killed Crazy Yiuf
  2237 | D:3      | Identified the +9 hammer of the Shining Light {flame, rF+}
  2423 | D:4      | Reached XP level 5. HP: 9/24 MP: 12/12
  3021 | D:4      | Noticed Grinder
  3174 | D:2      | Killed Sigmund
  3175 | D:2      | Reached skill level 5 in Spellcasting
  3175 | D:2      | Reached skill level 1 in Ice Magic
  3175 | D:2      | Reached XP level 6. HP: 20/28 MP: 14/14
  3367 | D:4      | Found a shimmering blue altar of Sif Muna.
  4106 | D:5      | Entered Level 5 of the Dungeon
  4130 | D:5      | Found Hisaesk's Weapon Boutique.
  4214 | D:5      | Found an ancient bone altar of Kikubaaqudgha.
  4239 | D:5      | Found an ornate altar of the Wu Jian Council.
  4293 | D:5      | Found a staircase to the Ecumenical Temple.
  4304 | Temple   | Entered the Ecumenical Temple
  4355 | Temple   | Became a worshipper of Dithmenos the Shadowed
  4512 | D:5      | Found an opulent altar of Gozag.
  4589 | D:5      | Reached skill level 5 in Hexes
  4615 | D:5      | Reached XP level 7. HP: 32/32 MP: 13/16
  4746 | D:5      | Found a blossoming altar of Fedhas.
  5077 | D:6      | Found a radiant altar of Vehumet.
  5727 | D:6      | Reached XP level 8. HP: 34/36 MP: 9/19
  5741 | D:6      | Reached skill level 5 in Dodging
  5791 | D:6      | Reached * piety under Dithmenos
  6119 | D:7      | Noticed an unseen horror
  6295 | D:7      | Found a sand-covered staircase.
  6302 | Ossuary  | Entered an ossuary
  6545 | Ossuary  | Reached ** piety under Dithmenos
  6716 | D:7      | Noticed Menkaure
  6736 | D:7      | Slain by Menkaure

Illustrated notes

Levels and vault maps discovered:
D:1:      minmay_arrival_checkered_box, layout_loops_corners,
          shapermc_ecumenical_altar_acropolis, nicolae_houndstooth_variations
D:2:      layout_loops_ring, uniq_sigmund
D:3:      layout_loops_ring, uniq_crazy_yiuf_cottage
D:4:      layout_layer_cave, mainiacjoe_overflow_cross_hatched, uniq_grinder
D:5:      layout_rooms, lemuel_coloured_pillars_altar,
          nicolae_kikubaaqudgha_miasma_corner,
          mainiacjoe_overflow_concentric_impassable, kennysheep_mini_moat,
          minmay_temple_entry_overgrown, serial_shops,
          nicolae_shop_rolling_square
D:6:      layout_basic, vehumet_altar_wand_db
D:7:      layout_cave_pools, amcnicky_altar_gilded, gup_ossuary_entry_pyramid,
          uniq_menkaure
Temple:   hellmonk_temple_of_storms

Skill      XL: |  1  2  3  4  5  6  7  8 |
---------------+-------------------------+-----
Spellcasting   | 3 4 5 6 7 |  7.3
Hexes          | 4 5 |  5.9
Stealth        | 5 6 7 |  7.6
Short Blades   | 2 3 4 |  4.5
Dodging        | 3 4 5 |  5.3
Ice Magic      | 1 2 |  2.6

Action                     |  1- 3 |  4- 6 |  7- 9 || total
---------------------------+-------+-------+-------++-------
  Melee: Dagger            |     7 |       |       ||     7
         Short sword       |   101 |   145 |   281 ||   527
         Punch             |     1 |       |     4 ||     5
   Cast: Ensorcelled Hiber |       |    13 |    46 ||    59
  Evoke: Wand              |       |       |     1 ||     1
    Use: Potion            |       |     2 |     3 ||     5
   Stab: Sleeping          |     6 |    17 |    43 ||    66
         Distracted        |       |     2 |       ||     2
 Armour: Robe              |    17 |    34 |    65 ||   116
         Skin              |       |       |     6 ||     6
  Dodge: Dodged            |    61 |    81 |   152 ||   294

Table legend: (Time is in decaauts)
 A = Elapsed time spent in this place.
 B = Non-inter-level travel time spent in this place.
 C = Inter-level travel time spent in this place.
 D = Time resting spent in this place.
 E = Time spent auto-exploring this place.
 F = Levels seen in this place.
 G = Mean time per level.
                   A        B        C        D        E       F      G
               +--------+--------+--------+--------+--------+-----+--------+
         Total |   4606 |   4412 |    194 |      0 |   2856 |   9 |  511.8 |
       Dungeon |   4309 |   4118 |    191 |      0 |   2745 |   7 |  615.6 |
        Temple |     35 |     32 |      3 |      0 |      0 |   1 |   35.0 |
       Ossuary |    262 |    262 |      0 |      0 |    110 |   1 |  262.0 |
               +--------+--------+--------+--------+--------+-----+--------+

Top non-repeatable levels by time:
     D:4: 1006 daAuts
     D:6: 894 daAuts
     D:2: 647 daAuts
     D:1: 598 daAuts
     D:3: 471 daAuts
     D:5: 469 daAuts
 Ossuary: 262 daAuts
     D:7: 221 daAuts
  Temple: 35 daAuts
